 Dungeon Sprint DCSS version 0.22.1-2-g9c5b331 (webtiles) character file.

4535 diana the Basher (level 10, -13/70 HPs)
             Began as a Gargoyle Fighter on Dec 26, 2018.
             Was a Believer of Qazlal.
             Shot with an arrow by a centaur warrior (24 damage)
             ... in the Dungeon (Sprint II: "The Violet Keep of Menkaure").
             The game lasted 00:08:43 (1580 turns).

diana the Basher (Gargoyle Fighter)                 Turns: 1580, Time: 00:08:44

Health: -13/70     AC:  0    Str: 20      XL:     10   Next: 39%
Magic:  10/10      EV: 18    Int:  8 (9)  God:    Qazlal [**....]
Gold:   254        SH:  3    Dex: 10      Spells: 9/9 levels left

rFire    . . .     SeeInvis .   (weapon currently unavailable)
rCold    . . .     Gourm    .   (shield currently unavailable)
rNeg     + . .     Faith    .   (armour currently unavailable)
rPois    ∞         Spirit   .   (helmet currently unavailable)
rElec    .         Reflect  .   (cloak currently unavailable)
rCorr    .         Harm     .   (gloves currently unavailable)
MR       .....     NoTele   +   (boots currently unavailable)
Stlth    +.........             (no amulet)
HPRegen  0.21/turn              (ring currently unavailable)
MPRegen  0.12/turn              (ring currently unavailable)

@: pig-form (expiring), flying, very quick
A: small, deterioration 1, negative energy resistance 1, screaming 1, weak 1,
petrification resistance, no potion heal 1, rot immunity, AC +7
a: Upheaval, Renounce Religion


You were in the Dungeon.
You worshipped Qazlal.
Qazlal was pleased with you.
You were near starving.
You were a filthy swine.
You visited 1 branch You collected 972 gold pieces.
You spent 718 gold pieces at shops.

Inventory:

Hand Weapons
 a - a +0 flail
 g - the +9 morningstar of Hacking and Slashing (melded) {crush, *Noise rF+ Stlth+}
   (You bought it in a shop in the Dungeon)

   It inflicts extra damage upon your enemies.
   It protects you from fire.
   It may make noises in combat.
   It makes you more stealthy.
Armour
 b - a +0 scale mail
 c - a +0 shield (melded)
 j - the +2 chain mail of the Hall of Blades (melded) {Slay+2}
   (You bought it in a shop in the Dungeon)

   It affects your accuracy and damage with ranged weapons and melee attacks
   (+2).
 l - the +0 pair of boots "Danag" (melded) {+Blink rElec rPois MR+}
   (You bought it in a shop in the Dungeon)

   It insulates you from electricity.
   It protects you from poison.
   It affects your resistance to hostile enchantments.
   It lets you blink.
Scrolls
 k - a scroll of blinking
Potions
 h - a potion of haste
 i - 2 potions of magic
Comestibles
 f - a ration


   Skills:
 + Level 11.2 Fighting
 * Level 13.7 Maces & Flails
 + Level 11.3 Armour
 + Level 8.4 Dodging
 + Level 11.3 Shields


You had 9 spell levels left.
You didn't know any spells.
Your spell library was empty.

Dungeon Overview and Level Annotations

Branches:
Dungeon (1/1)

Altars:
Cheibriados
Dithmenos
Elyvilon
Fedhas
Gozag
Hepliaklqana
Kikubaaqudgha
Makhleb
Nemelex Xobeh
Okawaru
Qazlal
Ru
Sif Muna
Trog
Uskayaw
Vehumet
Wu Jian
Xom
Yredelemnul
Zin
The Shining One
Beogh
Jiyva
Lugonu

Shops:
D =::!%%[?(}*=}[(!

Annotations:
D exclusion: oklob plant, Kirke


Innate Abilities, Weirdness & Mutations

You are resistant to torment.
((Your stone body is resilient. (AC +7)))
You are immune to poison.
You resist negative energy. (rN+)
((You are resistant to electric shocks. (rElec)))
((You can survive without breathing.))
You are immune to petrification.
You are immune to rotting.
((Your large and strong wings let you fly indefinitely.))
((Your flesh is cold resistant. (rC+)))
Your body sometimes deteriorates upon taking damage.
You occasionally shout uncontrollably at your foes.
You are weak. (Str -2)
Potions are less effective at restoring your health.


Message History

There is an open door here.
Okay, then.
Your transformation is almost over.
The spiny frog croaks.
A redback comes into view.
A yaktaur captain comes into view.
Really fly into a travel-excluded area?
A redback comes into view.
The yaktaur captain shouts!
The yaktaur captain wields an arbalest.
The yaktaur captain shoots a bolt.
The bolt barely misses you.
You hear a splash.
There is an open door here.
You reach down and close the door.
You block the redback's attack.
You reach down and open the door.
The redback closely misses you.
The centaur warrior shoots an arrow.
The arrow hits you.
* * * LOW HITPOINT WARNING * * *
You hear a splash.
The skeletal warrior closely misses you.
The centaur warrior shoots an arrow.
The arrow hits you!!
You die...

############≈≈#''§#+++##
###########≈≈≈...§..(..#
##........#≈≈≈≈.##'##..#
##....⌠...#≈≈≈≈##...##.####
##...∩c∩..#≈≈≈≈#.z#..#....#
##..∩.∩.∩.#s≈####.#.####z.##
##.∩.∩.∩.∩#≈##.###'###.##.c#
##∩.∩...∩.#s#...##.##..##K.#
##.∩.....∩+≈h###'.Y.'##.'..##
##∩.......#(#.z.##.##..##....
#▓▓▓▓▓▓▓###≈##c###'###.##..§§
##?.F######≈≈######.####@≈..§
#?$F#D! ##≈≈≈#..##.#≈≈≈≈≈§≈
#∩P?+.?#+ #+#≈##...##≈≈≈≈≈§§
#:.(#$##. #≈≈##§##§≈≈§≈≈≈≈
#!$.###.§ ##≈Y≈≈≈≈§§§§§≈≈≈
##+###..§§ #+++#§'§#§§§§§§


You could see a yaktaur captain, a skeletal warrior, a centaur warrior and 2
redbacks.

Vanquished Creatures
  A crystal guardian (D)
  2 death drakes (D)
  A yaktaur (D)
  3 polar bears (D)
  2 tyrant leeches (D)
  A hornet (D)
  4 neqoxecs (D)
  Menkaure (D)
  2 swamp drakes (D)
  4 necrophages (D)
  4 worker ants (D)
25 creatures vanquished.

Vanquished Creatures (others)
  A crocodile (D)
1 creature vanquished.

Grand Total: 26 creatures vanquished

Notes
Turn   | Place    | Note
-------+----------+-------------------------------------------
     0 | D        | diana the Gargoyle Fighter began the quest for the Orb.
     0 | D        | Reached XP level 1. HP: 14/14 MP: 1/1
     1 | D        | Noticed a tyrant leech
     1 | D        | Noticed a tyrant leech
     4 | D        | Noticed a necrophage
     4 | D        | Noticed a necrophage
     4 | D        | Noticed a necrophage
     4 | D        | Noticed a necrophage
    24 | D        | Killed a necrophage
    24 | D        | Reached skill level 5 in Fighting
    24 | D        | Reached skill level 5 in Maces & Flails
    24 | D        | Reached XP level 2. HP: 10/21 MP: 2/2
    24 | D        | Reached XP level 3. HP: 13/26 MP: 3/3
    24 | D        | Reached XP level 4. HP: 15/31 MP: 4/4
    34 | D        | Killed a necrophage
    34 | D        | Reached skill level 6 in Maces & Flails
    34 | D        | Reached skill level 5 in Armour
    34 | D        | Reached skill level 5 in Shields
    34 | D        | Reached XP level 5. HP: 19/36 MP: 5/5
    40 | D        | Killed a necrophage
    40 | D        | Reached skill level 7 in Maces & Flails
    40 | D        | Reached XP level 6. HP: 14/42 MP: 6/6
    52 | D        | Killed a necrophage
    52 | D        | Reached skill level 8 in Maces & Flails
   255 | D        | Reached XP level 7. HP: 46/48 MP: 7/7
   289 | D        | Noticed a neqoxec
   289 | D        | Noticed a neqoxec
   292 | D        | Gained mutation: Your large and strong wings let you fly
                  | indefinitely. [a neqoxec]
   300 | D        | Gained mutation: Potions are less effective at restoring
                  | your health. [a neqoxec]
   302 | D        | Gained mutation: You occasionally shout uncontrollably at
                  | your foes. [a neqoxec]
   307 | D        | Killed a neqoxec
   307 | D        | Reached skill level 9 in Maces & Flails
   307 | D        | Reached skill level 5 in Dodging
   310 | D        | Gained mutation: Your flesh is cold resistant. (rC+) [a
                  | neqoxec]
   311 | D        | Gained mutation: Your body sometimes deteriorates upon
                  | taking damage. [a neqoxec]
   319 | D        | Killed a neqoxec
   323 | D        | Noticed a neqoxec
   323 | D        | Noticed a neqoxec
   331 | D        | Gained mutation: You are weak. (Str -2) [a neqoxec]
   343 | D        | Killed a neqoxec
   343 | D        | Reached skill level 10 in Maces & Flails
   343 | D        | Reached XP level 8. HP: 39/55 MP: 8/8
   571 | D        | Killed a tyrant leech
   580 | D        | Killed a tyrant leech
   734 | D        | Found Qeix's Antique Armour Shoppe.
   734 | D        | Found Kuss's Weapon Shoppe.
   734 | D        | Found Uzxo's Jewellery Emporium.
   734 | D        | Found Bulut's Gadget Emporium.
   734 | D        | Found Pochoos's Gadget Shoppe.
   734 | D        | Found Nyptaxul's General Store.
   735 | D        | Found Faotij's Antique Weapon Shoppe.
   735 | D        | Found Zodghap's Magic Scroll Emporium.
   736 | D        | Found Zudaong's Antique Armour Shoppe.
   736 | D        | Found Zyoday's Food Emporium.
   737 | D        | Found Ucwiusso's Distillery.
   738 | D        | Found Syafuc's Food Shoppe.
   738 | D        | Found Goecs's Distillery.
   738 | D        | Noticed Menkaure
   738 | D        | Noticed a great orb of eyes
   738 | D        | Noticed an oklob plant
   739 | D        | Found Kaapuck's Jewellery Emporium.
   739 | D        | Found Qeotes's Book Shoppe.
   739 | D        | Found Bixkui's Book Shoppe.
   739 | D        | Noticed a spiny frog
   740 | D        | Noticed a spiny frog
   754 | D        | Killed Menkaure
   754 | D        | Reached skill level 11 in Maces & Flails
   761 | D        | Noticed a fire dragon
   762 | D        | Bought a warped morningstar for 225 gold pieces
   762 | D        | Identified the +9 morningstar of Hacking and Slashing
                  | {crush, *Noise rF+ Stlth+} (You bought it in a shop in the
                  | Dungeon)
   774 | D        | Bought a dazzling chain mail for 180 gold pieces
   784 | D        | Identified the +2 chain mail of the Hall of Blades {Slay+2}
                  | (You bought it in a shop in the Dungeon)
   798 | D        | Bought a pair of bloodstained boots for 313 gold pieces
   803 | D        | Identified the +0 pair of boots "Danag" {+Blink rElec rPois
                  | MR+} (You bought it in a shop in the Dungeon)
   880 | D        | Found an iron altar of Okawaru.
   880 | D        | Found an opulent altar of Gozag.
   881 | D        | Found a sparkling altar of Nemelex Xobeh.
   881 | D        | Found a blossoming altar of Fedhas.
   882 | D        | Found a radiant altar of Vehumet.
   882 | D        | Found a burning altar of Makhleb.
   882 | D        | Found a white marble altar of Elyvilon.
   883 | D        | Found a hide-covered altar of Uskayaw.
   883 | D        | Found a corrupted altar of Lugonu.
   883 | D        | Found a shadowy altar of Dithmenos.
   884 | D        | Found a glowing silver altar of Zin.
   884 | D        | Found a bloodstained altar of Trog.
   884 | D        | Found an ancient bone altar of Kikubaaqudgha.
   885 | D        | Found a basalt altar of Yredelemnul.
   885 | D        | Found a deep blue altar of Sif Muna.
   885 | D        | Found a viscous altar of Jiyva.
   886 | D        | Found a shimmering altar of Xom.
   886 | D        | Found a sacrificial altar of Ru.
   887 | D        | Noticed a polar bear
   888 | D        | Found a glowing golden altar of the Shining One.
   888 | D        | Found an ornate altar of the Wu Jian Council.
   888 | D        | Found a stormy altar of Qazlal.
   888 | D        | Found a snail-covered altar of Cheibriados.
   888 | D        | Found a hazy altar of Hepliaklqana.
   888 | D        | Noticed a polar bear
   888 | D        | Noticed a polar bear
   888 | D        | Noticed a hornet
   889 | D        | Found a roughly hewn altar of Beogh.
   889 | D        | Noticed a yaktaur
   899 | D        | Noticed a flying skull
   899 | D        | Noticed a flying skull
   900 | D        | Became a worshipper of Qazlal Stormbringer
   906 | D        | Killed a polar bear
   906 | D        | Reached XP level 9. HP: 27/61 MP: 9/9
   909 | D        | Killed a hornet
   911 | D        | Killed a yaktaur
   911 | D        | Reached * piety under Qazlal
   918 | D        | Killed a polar bear
   918 | D        | Reached skill level 10 in Fighting
   918 | D        | Reached skill level 12 in Maces & Flails
   918 | D        | Reached skill level 10 in Armour
   918 | D        | Reached skill level 10 in Shields
   920 | D        | Killed a polar bear
  1181 | D        | Noticed a kraken
  1191 | D        | Noticed a death drake
  1205 | D        | Reached ** piety under Qazlal
  1213 | D        | Killed a death drake
  1243 | D        | Noticed a crystal guardian
  1265 | D        | Killed a crystal guardian
  1265 | D        | Reached skill level 13 in Maces & Flails
  1265 | D        | Reached XP level 10. HP: 25/69 MP: 2/10
  1391 | D        | Noticed a death drake
  1400 | D        | Killed a death drake
  1493 | D        | Noticed Kirke
  1493 | D        | Noticed a kobold demonologist
  1493 | D        | Noticed a skeletal warrior
  1494 | D        | Noticed a centaur warrior
  1506 | D        | Noticed a manticore
  1552 | D        | Noticed an elephant
  1575 | D        | Noticed a yaktaur captain
  1580 | D        | Shot with an arrow by a centaur warrior

Skill      XL: |  1  2  3  4  5  6  7  8  9 |
---------------+----------------------------+-----
Fighting       | 5 6 7 8 9 11 | 11.2
Maces & Flails | 5 6 7 8 10 11 13 | 13.7
Armour         | 4 5 6 7 8 9 11 | 11.3
Dodging        | 2 3 4 5 6 8 |  8.4
Shields        | 4 5 6 7 8 9 11 | 11.3

Action                   |  1- 3 |  4- 6 |  7- 9 | 10-12 || total
-------------------------+-------+-------+-------+-------++-------
Melee: Flail             |    19 |    48 |    79 |       ||   146
       Morningstar       |       |       |    39 |    20 ||    59
       Unarmed           |       |       |       |     1 ||     1
Invok: Upheaval          |       |       |     2 |       ||     2
 Abil: Fly               |       |       |     1 |       ||     1
  Use: Potion            |       |       |     4 |       ||     4
  Eat: Chunk             |       |       |     1 |       ||     1
Armor: Scale mail        |    11 |     9 |     5 |       ||    25
       Chain mail        |       |       |    15 |     4 ||    19
Dodge: Dodged            |     4 |    16 |    38 |    12 ||    70
Block: Shield            |     6 |    21 |    50 |    10 ||    87
       Other             |       |       |       |     1 ||     1
